 Dungeon Crawl Stone Soup version 0.18.1-48-g4cf74bf (webtiles) character file.

9863 raph the Impaler (level 11, -2/89 HPs)
             Began as a Merfolk Ice Elementalist on July 5, 2016.
             Was a High Priest of Okawaru.
             Slain by a 12-headed hydra (3 damage)
             ... on level 2 of the Lair of Beasts.
             The game lasted 00:33:51 (15444 turns).

raph the Impaler (Merfolk Ice Elementalist)        Turns: 15444, Time: 00:33:52

Health: -2/89      AC: 14    Str: 10    XL:     11   Next: 53%
Magic:  0/14       EV: 20    Int: 15    God:    Okawaru [*****.]
Gold:   266        SH:  0    Dex: 16    Spells: 3 memorised, 8 levels left

rFire  . . .     SeeInvis .     a - +1 halberd (elec)
rCold  . . .     Gourm    .     n - +0 robe
rNeg   . . .     Faith    .     (shield currently unavailable)
rPois  .         Spirit   +     (no helmet)
rElec  .         Dismiss  .     h - +2 cloak
rCorr  .         Reflect  .     F - +1 pair of gloves
SustAt .         Harm     .     y - +0 pair of boots
MR     .....     Clarity  +     x - amulet of guardian spirit
Stlth  +++.......               I - ring of stealth
                                H - ring of flight

@: icy armour, slow, not resistant to hostile enchantments, fairly stealthy
A: change form in water, swift swim, clarity
a: Heroism, Finesse, Renounce Religion, Evoke Flight


You were on level 2 of the Lair of Beasts.
You worshipped Okawaru.
Okawaru was extremely pleased with you.
You were not hungry.

You visited 2 branches of the dungeon, and saw 10 of its levels.

You collected 545 gold pieces.
You spent 279 gold pieces at shops.

Inventory:

Hand Weapons
 a - a +1 halberd of electrocution (weapon)
 b - a +0 trident
 u - the +1 halberd "Uleot" {speed, rF+}
   (Okawaru gifted it to you on level 1 of the Lair of Beasts)

   Attacks with this weapon are significantly faster.
   It protects you from fire.
Missiles
 m - 8 tomahawks
 o - 8 javelins (quivered)
Armour
 e - a +2 helmet of intelligence
 h - a +2 cloak (worn)
 n - a +0 robe (worn)
 y - a +0 pair of boots (worn)
 F - a +1 pair of gloves (worn)
Jewellery
 x - an amulet of guardian spirit (around neck)
 H - a ring of flight (left hand)
 I - a ring of stealth (right hand)
Wands
 f - a wand of lightning (10/15)
 r - a wand of iceblast (12/15)
 w - a wand of flame (29/48)
 A - a wand of confusion (19/48)
Scrolls
 j - 5 scrolls of immolation
 k - a scroll of fear
 t - 2 scrolls of identify
 v - 2 scrolls of remove curse
 B - 2 scrolls of recharging
 D - 2 scrolls of teleportation
 K - a scroll of amnesia
Potions
 g - a potion of cure mutation
 i - 4 potions of lignification
 l - 7 potions of curing
 p - a potion of might
 q - 2 potions of flight
 s - a potion of heal wounds
 C - 2 potions of ambrosia
Books
 d - a book of Frost

   Spells                             Type                      Level
   a - Freeze                         Ice                          1
   b - Throw Frost                    Conjuration/Ice              2
   c - Ozocubu's Armour               Charms/Ice                   3
   d - Throw Icicle                   Conjuration/Ice              4
   e - Summon Ice Beast               Ice/Summoning                4
Comestibles
 c - 4 bread rations
 z - 2 meat rations
 E - a beef jerky
 G - a royal jelly
 J - a chunk of flesh


   Skills:
 + Level 9.1 Fighting
 * Level 16.1 Polearms
 + Level 10.9 Dodging
 - Level 2.1 Stealth
 - Level 2.0 Spellcasting
 - Level 0.7 Conjurations
 - Level 3.0 Charms
 - Level 6.2 Ice Magic


You had 8 spell levels left.
You knew the following spells:

 Your Spells              Type           Power        Failure   Level  Hunger
a - Freeze                Ice            ###.         1%          1    #......
b - Throw Frost           Conj/Ice       ##....       12%         2    ###....
c - Ozocubu's Armour      Chrm/Ice       ###.....     12%         3    ###....


Dungeon Overview and Level Annotations

Branches:
Dungeon (8/15)             Temple (0/1) D:6            Lair (2/8) D:8

Altars:
Ashenzari
Elyvilon
Fedhas
Kikubaaqudgha
Makhleb
Okawaru
Pakellas
Sif Muna
Vehumet
Xom
Yredelemnul
The Shining One

Shops:
D:4 %   D:8 *[

Annotations:
D:3 attackplan's ghost, amateur HOFi
D:4 hairmachine's ghost, novice OgHu


Innate Abilities, Weirdness & Mutations

You revert to your normal form in water.
You are very nimble and swift while swimming.
You possess an exceptional clarity of mind.


Message History

Casting: Freeze
Confirm with . or Enter, or press ? or * to list all spells.
Aiming: Freeze
Press: ? - help, Shift-Dir - straight line, f/p - 12-headed hydra
Aim: a 12-headed hydra (almost dead, slow)
You freeze the 12-headed hydra.
The 12-headed hydra seems to slow down.
The 12-headed hydra is almost dead.
The 12-headed hydra bites you! x2
* * * LOW HITPOINT WARNING * * *
The 12-headed hydra closely misses you. The 12-headed hydra bites you.
* * * LOW HITPOINT WARNING * * *
The 12-headed hydra bites you!
* * * LOW HITPOINT WARNING * * *
The 12-headed hydra bites you but does no damage. x2
The 12-headed hydra misses you. The 12-headed hydra bites you!
* * * LOW HITPOINT WARNING * * *
The 12-headed hydra bites you.
* * * LOW HITPOINT WARNING * * *
The 12-headed hydra misses you. The 12-headed hydra bites you.
You die...

.... .... ##.....# .#...
#......## ##.....
###.......# ####P......
..#.......####.#........
................PD.r....
................@.......
........................
...........$......)..###
........P............#
....................##
................###.#
................P# ##
..............<..#
#...............##


You could see a 12-headed hydra and a porcupine.

Vanquished Creatures
  A hydra (Lair:1)
  A black mamba (Lair:1)
  2 spiny frogs (Lair:1)
  2 komodo dragons (Lair:1)
  Prince Ribbit (D:8)
  3 blink frogs (Lair:1)
  Eustachio (D:6)
  3 hippogriffs
  2 basilisks (Lair:1)
  5 yaks (Lair:1)
  2 hungry ghosts
  2 water moccasins (Lair:1)
  2 porcupines
  3 sky beasts
  4 orc warriors
  A black bear (D:8)
  An ogre (D:6)
  2 centaurs (D:6)
  3 crocodiles (Lair:1)
  13 big kobolds (D:8)
  6 giant frogs
  4 scorpions
  6 killer bees (D:8)
  4 wights (D:8)
  2 crimson imps
  A hound (D:8)
  Crazy Yiuf (D:3)
  5 orc priests
  3 centaur skeletons
  A giant frog skeleton (D:4)
  Terence (D:3)
  3 iguanas
  5 orc wizards
  5 worker ants
  5 sheep (Lair:1)
  A killer bee zombie (D:8)
  Robin (D:3)
  4 gnolls
  16 river rats (Lair:1)
  22 adders
  A shadow imp (D:5)
  An adder zombie (D:6)
  6 worms
  4 dart slugs
  5 giant geckos
  45 orcs
  5 ball pythons
  9 giant cockroaches
  21 goblins
  14 hobgoblins
  7 jackals
  4 quokkas
  6 bats
  7 giant newts
  2 jackal skeletons
  13 kobolds
  A quokka skeleton (D:4)
  12 rats
313 creatures vanquished.

Vanquished Creatures (others)
  A lightning spire (D:2)
  2 bushes (D:2)
  2 fungi (Lair:1)
  7 plants (Lair:1)
12 creatures vanquished.

Grand Total: 325 creatures vanquished

Notes
Turn   | Place    | Note
--------------------------------------------------------------
     0 | D:1      | raph the Merfolk Ice Elementalist began the quest for the Orb.
     0 | D:1      | Reached XP level 1. HP: 13/13 MP: 3/3
   236 | D:1      | Reached XP level 2. HP: 18/19 MP: 0/5
   945 | D:2      | Reached XP level 3. HP: 22/24 MP: 3/6
  1610 | D:2      | Learned a level 2 spell: Throw Frost
  1614 | D:2      | Learned a level 3 spell: Ozocubu's Armour
  1903 | D:2      | Reached skill level 1 in Charms
  1903 | D:2      | Reached skill level 5 in Ice Magic
  2092 | D:2      | Reached XP level 4. HP: 30/30 MP: 4/7
  2771 | D:2      | Found an oddly glowing altar of Pakellas.
  2772 | D:2      | Noticed a white very ugly thing
  3209 | D:3      | Reached XP level 5. HP: 35/35 MP: 4/8
  3345 | D:3      | Noticed Terence
  3358 | D:3      | Killed Terence
  3895 | D:3      | Reached skill level 1 in Polearms
  4143 | D:3      | Reached skill level 2 in Polearms
  4485 | D:3      | Reached skill level 3 in Polearms
  4485 | D:3      | Reached XP level 6. HP: 36/41 MP: 4/9
  4830 | D:3      | Noticed Robin
  4839 | D:3      | Killed Robin
  5018 | D:3      | Noticed attackplan's ghost (amateur HOFi)
  5097 | D:3      | Reached skill level 4 in Polearms
  5369 | D:3      | Found a faded altar to an unknown god.
  5649 | D:4      | Reached skill level 1 in Fighting
  5649 | D:4      | Reached skill level 5 in Polearms
  5864 | D:4      | Found a burning altar of Makhleb.
  5925 | D:4      | Reached XP level 7. HP: 33/48 MP: 5/10
  6037 | D:4      | Found Suilevacwi's Food Boutique.
  6037 | D:4      | Noticed a hungry ghost
  6107 | D:4      | Killed a hungry ghost
  6437 | D:4      | Reached skill level 6 in Polearms
  6679 | D:4      | Found a deep blue altar of Sif Muna.
  6680 | D:4      | Found an oddly glowing altar of Pakellas.
  6680 | D:4      | Found a radiant altar of Vehumet.
  6681 | D:4      | Found an ancient bone altar of Kikubaaqudgha.
  6683 | D:4      | Found a shimmering altar of Xom.
  6685 | D:4      | Found a glowing golden altar of the Shining One.
  6686 | D:4      | Found a basalt altar of Yredelemnul.
  7142 | D:4      | Noticed hairmachine's ghost (novice OgHu)
  7482 | D:3      | Noticed Crazy Yiuf
  7491 | D:3      | Killed Crazy Yiuf
  8499 | D:5      | Entered Level 5 of the Dungeon
  8975 | D:5      | Reached skill level 7 in Polearms
  9078 | D:5      | Reached XP level 8. HP: 58/58 MP: 7/11
  9677 | D:6      | Noticed Eustachio
  9743 | D:6      | Killed Eustachio
  9743 | D:6      | Reached skill level 8 in Polearms
  9743 | D:6      | Reached skill level 5 in Dodging
  9968 | D:6      | Found an iron altar of Okawaru.
  9972 | D:6      | Became a worshipper of Warmaster Okawaru
  9990 | D:6      | Found a shattered altar of Ashenzari.
 10199 | D:6      | Reached skill level 9 in Polearms
 10308 | D:6      | Found a staircase to the Ecumenical Temple.
 10574 | D:6      | Reached * piety under Okawaru
 10574 | D:6      | Reached skill level 5 in Fighting
 10830 | D:6      | Reached XP level 9. HP: 28/68 MP: 1/12
 10831 | D:6      | Reached skill level 10 in Polearms
 11846 | D:7      | Gained mutation: You possess an exceptional clarity of mind. [potion of beneficial mutation]
 11894 | D:8      | Reached skill level 11 in Polearms
 11910 | D:8      | Reached ** piety under Okawaru
 11948 | D:8      | Reached skill level 12 in Polearms
 12178 | D:8      | Found a staircase to the Lair.
 12199 | D:8      | Reached XP level 10. HP: 77/77 MP: 9/13
 12248 | D:8      | Reached *** piety under Okawaru
 12259 | D:8      | Found Casy's Armour Shoppe.
 12271 | D:8      | Bought a +2 helmet of intelligence for 279 gold pieces
 12367 | D:8      | Reached skill level 13 in Polearms
 12399 | D:8      | Found a blossoming altar of Fedhas.
 12489 | D:8      | Found a white marble altar of Elyvilon.
 12643 | D:8      | Found an ancient bone altar of Kikubaaqudgha.
 12643 | D:8      | Found Byschoik's Blasphemy Boutique.
 12749 | D:8      | Noticed Prince Ribbit
 12760 | D:8      | Killed Prince Ribbit
 12760 | D:8      | Reached **** piety under Okawaru
 13023 | Lair:1   | Entered Level 1 of the Lair of Beasts
 13054 | Lair:1   | Reached skill level 14 in Polearms
 13420 | Lair:1   | Reached XP level 11. HP: 63/86 MP: 8/14
 13424 | Lair:1   | Reached ***** piety under Okawaru
 13424 | Lair:1   | Reached skill level 15 in Polearms
 13424 | Lair:1   | Reached skill level 10 in Dodging
 13554 | Lair:1   | Noticed a seven-headed hydra
 13573 | Lair:1   | Killed a seven-headed hydra
 13573 | Lair:1   | Received a gift from Okawaru
 13871 | Lair:1   | Got a polished halberd {god gift}
 13872 | Lair:1   | Identified the +1 halberd "Uleot" {speed, rF+} (Okawaru gifted it to you on level 1 of the Lair of Beasts)
 14876 | Lair:1   | Reached skill level 16 in Polearms
 15419 | Lair:2   | Noticed a seven-headed hydra
 15444 | Lair:2   | HP: 3/89 [12-headed hydra (8)]
 15444 | Lair:2   | HP: 1/89 [12-headed hydra (2)]
 15444 | Lair:2   | Slain by a 12-headed hydra

Skill      XL: |  1  2  3  4  5  6  7  8  9 10 11 |
---------------+----------------------------------+-----
Ice Magic      | 4 5 6 |  6.2
Charms         | 1 2 3 |  3.0
Polearms       | 3 5 7 9 12 14 16 | 16.1
Fighting       | 1 3 5 6 8 9 |  9.1
Dodging        | 4 6 8 9 10 | 10.9
Stealth        | |  2.1
Spellcasting   | |  2.0
Conjurations   | |  0.7

Action                   |  1- 3 |  4- 6 |  7- 9 | 10-12 || total
-------------------------+-------+-------+-------+-------++-------
Melee: Unarmed           |     4 |       |       |       ||     4
       Dagger            |     1 |       |       |       ||     1
       Trident           |    19 |    92 |     1 |     8 ||   120
       Halberd           |       |       |   330 |   331 ||   661
 Cast: Freeze            |    51 |   105 |    66 |    27 ||   249
       Throw Frost       |     1 |    43 |    49 |    34 ||   127
       Ozocubu's Armour  |       |     5 |    20 |    17 ||    42
Invok: Heroism           |       |       |       |     1 ||     1
Evoke: Wand              |       |       |       |     1 ||     1
  Use: Scroll            |       |       |    22 |     2 ||    24
       Potion            |       |       |     2 |     3 ||     5
 Stab: Sleeping          |     1 |     3 |     1 |     1 ||     6
       Distracted        |       |       |       |     2 ||     2
  Eat: Chunk             |     4 |    14 |    22 |    13 ||    53
       Meat ration       |       |     1 |     1 |     1 ||     3
       Bread ration      |       |       |     2 |       ||     2
       Beef jerky        |       |       |     1 |       ||     1
Armor: Robe              |    12 |    29 |   157 |   142 ||   340
Dodge: Dodged            |    58 |   117 |   372 |   272 ||   819
